 Dungeon Crawl Stone Soup version 0.27-a0-412-g8dd771eca2 (webtiles) character file.

Game seed: 887153378682327204

177 ReteAZ the Changer (level 5, 0/39 HPs)
             Began as a Demigod Transmuter on Feb 24, 2021.
             Killed from afar by an orc wizard (4 damage)
             ... with a puff of flame
             ... on level 2 of the Dungeon.
             The game lasted 00:05:39 (3364 turns).

ReteAZ the Changer (Demigod Transmuter)             Turns: 3364, Time: 00:05:40

Health: 0/39       AC: 11    Str: 17    XL:     5   Next: 9%
Magic:  10/10      EV:  7    Int: 19    God:
Gold:   197        SH:  0    Dex: 14    Spells: 4/8 levels left

rFire    + . .     SeeInvis .     - Unarmed
rCold    . . .     Faith    .   (no shield)
rNeg     . . .     Spirit   .   d - +2 chain mail {rF+}
rPois    .         Reflect  .   g - +0 helmet
rElec    .         Harm     .   (no cloak)
rCorr    .         Rampage  .   (no gloves)
Will     .....                  (no boots)
Stlth    ..........             (no amulet)
HPRegen  0.13/turn              e - +6 ring of strength
MPRegen  0.12/turn              (no ring)

@: confused
A: high mp 1
a: no special abilities


You were on level 2 of the Dungeon.
You visited 1 branch of the dungeon, and saw 3 of its levels.

You collected 197 gold pieces.

Inventory:

Armour
 a - a +0 robe
 d - a +2 chain mail of fire resistance (worn)
 g - a +0 helmet (worn)
Jewellery
 e - a +6 ring of strength (left hand)
Scrolls
 c - 3 scrolls of identify {unknown}
 j - a scroll of enchant armour {unknown}
 k - a scroll of teleportation {unknown}
Potions
 b - a potion of haste {unknown}
 h - a potion of heal wounds {unknown}
 i - a potion of mutation {unknown}
 l - a potion of degeneration {unknown}


   Skills:
 - Level 0.8 Fighting
 - Level 1.7 Dodging
 + Level 3.5 Unarmed Combat
 - Level 2.0 Spellcasting
 + Level 3.6 Transmutations
 + Level 2.2 Poison Magic


You had 4 spell levels left.
You knew the following spells:

 Your Spells              Type           Power        Failure   Level
a - Beastly Appendage     Tmut           30%          56%         1
b - Spider Form           Tmut/Pois      6%           95%         3

Your spell library contained the following spells:

 Spells                   Type           Power        Failure   Level
 Wereblood                Tmut           15%          71%         2
 Ice Form                 Ice/Tmut       8%           100%        4
 Blade Hands              Tmut           7%           100%        5


Dungeon Overview and Level Annotations

Branches:
Dungeon (3/15)


Innate Abilities, Weirdness & Mutations

You have an increased reservoir of magic. (+10% MP)


Message History

The magic dart hits you but does no damage.
You bump into the rock wall.
You hear some strange, mumbled words.
You are more confused.
You closely miss something. Something hits you but does no damage.
You bump into the rock wall.
You hear some strange, mumbled words.
You are more confused.
You bump into the rock wall.
You hear some strange, mumbled words.
Something tries to affect you, but you resist.
You completely miss something.
The gnoll shouts!
Something hits you but does no damage.
You miss something. Something hits you but does no damage.
A magic dart appears from out of thin air!
The magic dart hits you.
You see here a +0 club.
You bump into the rock wall.
You miss something. The gnoll barely misses you.
You hear some strange, mumbled words.
Something tries to affect you, but you resist.
You're too confused to move!
The gnoll hits you with a +0 flail of protection.
* * * LOW HITPOINT WARNING * * *
Something hits you but does no damage.
You miss something.
The gnoll hits you with a +0 flail of protection.
* * * LOW HITPOINT WARNING * * *
Something hits you but does no damage.
You're too confused to move!
The gnoll hits you with a +0 flail of protection.
* * * LOW HITPOINT WARNING * * *
Something hits you but does no damage.
You're too confused to move!
Something hits you but does no damage.
You barely miss something. The gnoll hits you but does no damage.
You hear some strange, mumbled words.
A puff of flame appears from out of thin air!
The puff of flame hits you. You resist.
You die...

###....##...####.........##
###..####.....)..........
####..#######...#.###....
#......######.........#.# ####
#......##......##.###.#.. ...#
#.............###.###.#.. ...#
#.........)##......##..#. ...#
#......g.####........#.#. ...#
#......#@# #.....##.#... ...#
#.....##{####.....##.....
...######.....##.#..........###..
##†...........)............(# ###
###########.####<.......)..#####
#.# #...#.###.#.##...
#.####.#...###÷#......
##.##...........###†...
#...#.....#.##......>..


You could see a gnoll.

Vanquished Creatures
  An orc priest (D:3)
  An adder (D:3)
  5 gnolls (D:3)
  2 worms (D:2)
  A dart slug (D:1)
  2 leopard geckos
  3 orcs (D:3)
  7 bats
  4 giant cockroaches
  14 goblins
  9 hobgoblins
  8 jackals
  2 frilled lizards (D:1)
  8 kobolds
  7 rats
74 creatures vanquished.

Notes
Turn   | Place    | Note
-------+----------+-------------------------------------------
     0 | D:1      | ReteAZ the Demigod Transmuter began the quest for the Orb.
     0 | D:1      | Reached XP level 1. HP: 15/15 MP: 5/5
   224 | D:1      | Reached XP level 2. HP: 19/22 MP: 5/7
  1321 | D:1      | Reached XP level 3. HP: 23/27 MP: 6/8
  1327 | D:1      | Learned a level 3 spell: Spider Form
  1663 | D:2      | Found a shadowy altar of Dithmenos.
  1663 | D:2      | Found a broken altar of Ashenzari.
  2011 | D:3      | Reached skill level 1 in Poison Magic
  2350 | D:3      | Found a broken altar of Ashenzari.
  2468 | D:3      | Found a sparkling altar of Nemelex Xobeh.
  2485 | D:3      | Reached XP level 4. HP: 32/34 MP: 9/9
  3330 | D:3      | Reached XP level 5. HP: 27/39 MP: 10/10
  3364 | D:2      | Killed from afar by an orc wizard

Illustrated notes

Levels and vault maps discovered:
D:1:      lemuel_arrival_muddy, layout_basic, nrook_mini_vaults,
          minmay_quantized
D:2:      layout_rooms, gammafunk_temple_overflow_elements
D:3:      minmay_goblin_kobold_castle, layout_loops_ring, lemuel_crystal_altar,
          evilmike_ruin_ashenzari

Skill      XL: |  1  2  3  4 |
---------------+-------------+-----
Transmutations | 2 3 |  3.6
Spellcasting   | 2 |  2.0
Unarmed Combat | 3 |  3.5
Poison Magic   | 1 2 |  2.2
Fighting       | |  0.8
Dodging        | |  1.7

Action                   |  1- 3 |  4- 6 || total
-------------------------+-------+-------++-------
Melee: Unarmed           |   197 |   140 ||   337
       Kick              |    13 |       ||    13
       Headbutt          |    12 |       ||    12
       Punch             |     3 |     3 ||     6
Throw: Dart              |     2 |    24 ||    26
 Cast: Beastly Appendage |    21 |       ||    21
 Stab: Sleeping          |     3 |       ||     3
Armor: Robe              |    32 |       ||    32
       Chain mail        |    52 |    96 ||   148
Dodge: Dodged            |   108 |    40 ||   148

Table legend: (Time is in decaauts)
 A = Elapsed time spent in this place.
 B = Non-inter-level travel time spent in this place.
 C = Inter-level travel time spent in this place.
 D = Time resting spent in this place.
 E = Time spent auto-exploring this place.
 F = Levels seen in this place.
 G = Mean time per level.
                   A        B        C        D        E       F      G
               +--------+--------+--------+--------+--------+-----+--------+
         Total |   3353 |   3253 |    100 |     91 |   2272 |   3 | 1117.7 |
       Dungeon |   3353 |   3253 |    100 |     91 |   2272 |   3 | 1117.7 |
               +--------+--------+--------+--------+--------+-----+--------+

Top non-repeatable levels by time:
     D:1: 1421 daAuts
     D:3: 1104 daAuts
     D:2: 827 daAuts
